 Dungeon Crawl Stone Soup version 0.31-a0-819-gf6de2f5ab6 (webtiles) character file.

Game seed: 595149241050565580

507 porpoise the Shooter (level 7, -1/49 (55) HPs)
             Began as a Human Hunter on Sept 24, 2023.
             Was an Initiate of Hepliaklqana.
             Slain by a wight
             ... wielding a +1 heavy dire flail
              (10 damage)
             ... on level 5 of the Dungeon.
             The game lasted 00:09:27 (2983 turns).

porpoise the Shooter (Human Hunter)                 Turns: 2983, Time: 00:09:28

HP:   -1/49 (55)    AC:  4    Str: 11    XL:     7   Next: 42%
MP:   7/7           EV: 12    Int: 10    God:    Hepliaklqana [......]
Gold: 298           SH:  0    Dex: 18    Spells: 6/6 levels left

rFire   + . .        a - +0 shortbow
rCold   . . .        (shield currently unavailable)
rNeg    . . .        c - +0 leather armour
rPois   .            (no helmet)
rElec   .            j - +0 cloak
rCorr   .            (no gloves)
SInv    .            (no boots)
Will    .....        (no amulet)
Stlth   ++           l - ring of protection from fire
HPRegen 0.28/turn    (no ring)
MPRegen 0.10/turn

%: no passive effects
@: heavily drained
A: no striking features
a: Renounce Religion


You were on level 5 of the Dungeon.
You worshipped Hepliaklqana.
Hepliaklqana was noncommittal.
You visited 2 branches of the dungeon, and saw 6 of its levels.

You collected 298 gold pieces.

Inventory:

Hand Weapons
 a - a +0 shortbow (weapon)
 b - a +4 mace of draining
 q - a +0 rapier
Missiles
 e - 10 poisoned darts
 n - 6 atropa-tipped darts
 y - 2 javelins
Armour
 c - a +0 leather armour (worn)
 j - a +0 cloak (worn)
Jewellery
 l - a ring of protection from fire (left hand)
 x - a ring of magical power
Talismans
 r - a flux talisman
Scrolls
 d - a scroll of enchant armour {unknown}
 f - a scroll of teleportation
 h - a scroll of enchant weapon {unknown}
 i - a scroll of blinking {unknown}
 k - a scroll of butterflies
 o - 2 scrolls of vulnerability
 s - a scroll of revelation {unknown}
 t - 2 scrolls of identify
 v - a scroll of poison {unknown}
 w - 2 scrolls of amnesia {unknown}
Potions
 g - 2 potions of attraction
 m - a potion of mutation
 p - a potion of curing
 u - a potion of enlightenment


   Skills:
 + Level 4.7 Fighting
 * Level 7.1 Ranged Weapons
 - Level 2.0 Dodging
 - Level 1.0 Stealth


You had 6 spell levels left.
You didn't know any spells.
Your spell library contained the following spells:

 Spells                   Type           Power      Damage    Failure   Level
 Apportation              Tloc           0%         N/A       45%         1
 Necrotise                Necr           0%         1d4       45%         1
 Sandblast                Erth           0%         2d4       45%         1
 Summon Small Mammal      Summ           0%         N/A       45%         1
 Passwall                 Tmut/Erth      0%         N/A       58%         2
 Stone Arrow              Conj/Erth      0%         3d7       83%         3
 Tukima's Dance           Hex            0%         N/A       83%         3
 Animate Armour           Summ/Erth      0%         N/A       99%         4
 Brom's Barrelling Bould  Conj/Erth      0%         2d3       99%         4
 Passage of Golubria      Tloc           0%         N/A       99%         4
 Summon Lightning Spire   Summ/Air       0%         N/A       99%         4
 Lee's Rapid Deconstruct  Erth           0%         3d4*      100%        5
 Silence                  Hex/Air        0%         N/A       100%        5
 Yara's Violent Unravell  Hex/Tmut       0%         3d3       100%        5
 Lehudib's Crystal Spear  Conj/Erth      0%         10d2      100%        8


Dungeon Overview and Level Annotations

Branches:
Dungeon (5/15)             Temple (1/1) D:4

Altars:
Ashenzari
Cheibriados
Dithmenos
Elyvilon
Fedhas
Gozag
Hepliaklqana
Kikubaaqudgha
Makhleb
Nemelex Xobeh
Okawaru
Qazlal
Sif Muna
Trog
Uskayaw
Vehumet
Wu Jian
Xom
Yredelemnul
Zin
The Shining One


Message History

As you read the scroll labelled IMYCOT DULIBRA, it crumbles to dust.
You feel strangely unstable.
It was a scroll of teleportation.
You climb upwards.
There is a stone staircase leading down here.
Your surroundings suddenly seem different.
There is a stone staircase leading down here.
You climb downwards.
There is a stone staircase leading up here.
Okay, then.
Okay, then.
x - a ring of magical power
y - 2 javelins
Found a stone staircase leading down.
You pick up Great Wizards, Vol.
VII and begin reading...
You add the spells Tukima's Dance and Yara's Violent Unravelling to your library.
w - 2 scrolls labelled REASHR XONEV (gained 1)
You now have 298 gold pieces (gained 10).
Found a pair of gloves.
A wight comes into view. It is wielding a +0 battleaxe.
A wight comes into view. It is wielding a +1 heavy dire flail.
You see here a +0 pair of gloves.
You shoot an arrow. The arrow hits the wight!
The wight is severely damaged.
You shoot an arrow. The arrow hits the wight!
You destroy the wight!
You shoot an arrow.
The arrow hits the wight but does no damage.
You shoot an arrow. The arrow hits the wight.
The wight is moderately damaged.
The wight hits you with a +1 heavy dire flail!!
You feel drained.
You shoot an arrow.
The arrow hits the wight but does no damage.
The wight is moderately damaged.
The wight barely misses you.
You shoot an arrow. The arrow barely misses the wight.
The wight hits you with a +1 heavy dire flail!!
* * * LOW HITPOINT WARNING * * *
You feel drained.
You die...

# #########.# #.....# #.
#.........# #.###.# ###.#
#.#######.# #.# #.#
......#.# #.#####.###.#
......#.#######...........##
#..............#######..#
#..#.#.########### #..# ..
#.#[########### #..#
#.........z@..# ###..#
#...#.#########.# #..^.#
###.#.# # #.##.# . #.#
#.##.# .. #.# #.##.# .. #.#
#.##.# #.# #.# #.##.# #.
#.##.# #######.##.#


You could see a wight.

Vanquished Creatures
  Sigmund (D:2)
  A phantom (D:4)
  A wight (D:5)
  An orc priest (D:3)
  Crazy Yiuf (D:3)
  A hound (D:4)
  5 adders
  2 worms
  3 dart slugs
  8 orcs
  3 bats
  8 endoplasms
  3 giant cockroaches
  4 goblins
  6 hobgoblins
  A jackal (D:2)
  2 quokkas
  6 ball pythons
  8 frilled lizards
  7 kobolds
  4 rats
76 creatures vanquished.

Notes
Turn   | Place    | Note
-------+----------+-------------------------------------------
     0 | D:1      | porpoise the Human Hunter began the quest for the Orb.
     0 | D:1      | Reached XP level 1. HP: 16/16 MP: 1/1
   157 | D:1      | Reached XP level 2. HP: 22/22 MP: 2/2
   267 | D:1      | Reached XP level 3. HP: 28/28 MP: 3/3
   639 | D:2      | Found a faded altar of an unknown god.
   827 | D:2      | Reached XP level 4. HP: 34/34 MP: 4/4
   985 | D:2      | Noticed Sigmund
   994 | D:2      | Killed Sigmund
   995 | D:2      | Reached skill level 6 in Ranged Weapons
   995 | D:2      | Reached XP level 5. HP: 29/42 MP: 5/5
   995 | D:2      | Reached XP level 6. HP: 33/48 MP: 6/6
  2093 | D:3      | Found a runed translucent door.
  2094 | D:3      | Noticed Crazy Yiuf
  2103 | D:3      | Killed Crazy Yiuf
  2455 | D:4      | Reached XP level 7. HP: 54/55 MP: 7/7
  2497 | D:4      | Found a staircase to the Ecumenical Temple.
  2520 | Temple   | Entered the Ecumenical Temple
  2566 | Temple   | Became a worshipper of Hepliaklqana the Forgotten
  2683 | D:4      | Reached skill level 7 in Ranged Weapons
  2865 | D:5      | Entered Level 5 of the Dungeon
  2983 | D:5      | Slain by a wight

Illustrated notes

Levels and vault maps discovered:
D:1:      dpeg_arrival_boxorama, layout_rooms
D:2:      layout_loops_corners, shapermc_ecumenical_altar_starsandcircs,
          minmay_cut_off, uniq_sigmund
D:3:      layout_basic, minivault_26, uniq_crazy_yiuf_cottage
D:4:      layout_cave_pools, minmay_temple_entry_trees, guppyfry_early_lair_pool
D:5:      layout_loops_ring, serial_shops, shop
Temple:   kilobyte_greek_temple

Skill      XL: |  1  2  3  4  5  6  7 |
---------------+----------------------+-----
Fighting       | 3 4 |  4.7
Ranged Weapons | 6 7 |  7.1
Dodging        | |  2.0
Stealth        | |  1.0

Action                     |  1- 3 |  4- 6 |  7- 9 || total
---------------------------+-------+-------+-------++-------
  Melee: Mace              |       |     5 |       ||     5
   Fire: Shortbow          |    83 |   131 |    33 ||   247
    Use: Scroll            |     1 |     4 |     1 ||     6
 Armour: Leather armour    |    12 |    27 |     5 ||    44
  Dodge: Dodged            |    21 |    32 |     4 ||    57

Table legend: (Time is in decaauts)
 A = Elapsed time spent in this place.
 B = Non-inter-level travel time spent in this place.
 C = Inter-level travel time spent in this place.
 D = Time resting spent in this place.
 E = Time spent auto-exploring this place.
 F = Levels seen in this place.
 G = Mean time per level.
                   A        B        C        D        E       F      G
               +--------+--------+--------+--------+--------+-----+--------+
         Total |   3021 |   2853 |    168 |    129 |   2136 |   6 |  503.5 |
       Dungeon |   2936 |   2806 |    130 |    129 |   2136 |   5 |  587.2 |
        Temple |     84 |     46 |     38 |      0 |      0 |   1 |   84.0 |
               +--------+--------+--------+--------+--------+-----+--------+

Top non-repeatable levels by time:
     D:2: 1081 daAuts
     D:3: 676 daAuts
     D:1: 605 daAuts
     D:4: 478 daAuts
     D:5: 94 daAuts
  Temple: 84 daAuts
